[Event "***Titled Tuesday 3|2 Blitz"]
[Site "Chess.com"]
[Date "2017.02.07"]
[Round "8"]
[White "Astaneh"]
[Black "Yaacovn"]
[Result "1-0"]
[WhiteElo "2516"]
[BlackElo "2592"]
[TimeControl "180+2"]
[EndTime "14:58:25 PST"]
[Termination "Astaneh won by resignation"]

1. d4 Nf6 2. c4 e6 3. Nf3 Bb4+ 4. Nbd2 d5 5. e3 O-O 6. a3 Be7 7. b4 Ne4 8. Bb2 c6 9. Nxe4 dxe4 10. Nd2 f5 11. f3 Bg5 12. Qe2 exf3 13. gxf3 Bh4+ 14. Kd1 Nd7 15. Rg1 a5 16. Kc2 Bf6 17. e4 axb4 18.
axb4 Rxa1 19. Bxa1 Qb6 20. Bc3 Qa7 21. c5 Qa2+ 22. Kc1 Qa3+ 23. Kc2 Qa2+ 24. Kc1 e5 25. Qc4+ Qxc4 26. Bxc4+ Kh8 27. d5 cxd5 28. Bxd5 Nb8 29.
Nc4 Nc6 30. Nd6 fxe4 31. fxe4 h6 32. Kb2 Nd4 33. Nxc8 Rxc8 34. Bxb7 Rc7 35. Bd5 Nb5 36. Kb3 Ra7 37. Kc4 Na3+ 38. Kd3 Nb5 39. Ra1 Rc7 40. Bb2 Bg5 41. Bxe5 Re7 42. Bb2 Nc7 43. Ra7 Nxd5 44. Ra8+ Kh7 45. exd5 Re3+ 46. Kc4 Re2 47. Bd4 Rxh2 48. d6 h5 49. d7 h4 50. c6 h3 51. c7 Rc2+ 52. Bc3 h2 53. d8=Q h1=Q 54. Qh8+ Kg6 55. Qxh1 1-0

[Event "***Titled Tuesday 3|2 Blitz"]
[Site "Chess.com"]
[Date "2017.02.07"]
[Round "8"]
[White "Evgeny_Levin"]
[Black "MagnusCarlsen"]
[Result "1-0"]
[WhiteElo "2795"]
[BlackElo "2956"]
[TimeControl "180+2"]
[EndTime "14:58:32 PST"]
[Termination "Evgeny_Levin won by resignation"]

1. d4 Nf6 2. c4 e6 3. Nf3 b6 4. g3 Bb7 5. Bg2 Bb4+ 6. Bd2 a5 7. O-O O-O 8. Bg5 Be7 9. Nc3 Ne4 10.
Bxe7 Qxe7 11. Qc2 Nxc3 12. Qxc3 d6 13. Qd3 f5 14. Ne1 Bxg2 15. Nxg2 Nd7 16. e4 fxe4 17.
Qxe4 Rae8 18. Rae1 Qf7 19. Qc6 Nf6 20. Nf4 g5 21. Nd3 Qg6 22. Rd1 Re7 23. f3 h5 24.
c5 Qe8 25. Qxe8 Rfxe8 26. cxd6 cxd6 27. Rc1 Nd5 28. Rc6 Rd7 29. Rfc1 Kf7 30. Nf2 Ke7 31. Ne4 g4 32. f4 Rb8 33. Re1 Rdd8 34. Ng5 Kd7 35. Rc2 Re8 36. Rce2 Nc7 37. Nh7 Nd5 38. Ng5 Nc7 39. Nh7 Rh8 40. Nf6+ Ke7 41. Ne4 Kd7 42. Nf6+ Ke7 43. Ne4 Rh6 44. Ng5 Kd7 45.
f5 Re8 46. Rc1 Re7 47. d5 e5 48. Ne6 Nxd5 49. Rd2 Rhxe6 50. fxe6+ Kxe6 51. Rcd1 Ne3 52. Rxd6+ Kf5 53. Rc1 Ke4 54. Rxb6 Rd7 55. Re1 Rd3 56.
Rb3 Rxb3 57. axb3 Kd5 58. Rxe3 1-0

[Event "***Titled Tuesday 3|2 Blitz"]
[Site "Chess.com"]
[Date "2017.02.07"]
[Round "8"]
[White "Sanan_Sjugirov"]
[Black "EltajSafarli"]
[Result "0-1"]
[WhiteElo "2656"]
[BlackElo "2866"]
[TimeControl "180+2"]
[EndTime "14:58:48 PST"]
[Termination "EltajSafarli won by resignation"]

1. d4 Nf6 2. Nf3 g6 3. Bg5 Bg7 4. Nbd2 O-O 5. e3 d6 6. Bc4 c5 7.
c3 Nc6 8. O-O a6 9. a4 Bf5 10.
d5 Na5 11. Ba2 Qb6 12. Bxf6 Bxf6 13. e4 Bg4 14. Rb1 Bxf3 15. Qxf3 Bg5 16. Qe2 Bxd2 17.
Qxd2 c4 18. Qe2 Qc5 19. Rbd1 b5 20. axb5 axb5 21. Bb1 Nb7 22. Rfe1 b4 23. Rd4 Rfc8 24. e5 bxc3 25. bxc3 dxe5 26. Qxe5 Nd6 27. h4 Nb5 28. Rde4 Rc7 29. h5 Qd6 30. hxg6 hxg6 31. Qg5 Qf6 32. Qg3 Qxc3 33. R4e3 Qf6 34. Bxg6 fxg6 35. Re6 Ra1 36.
Rxa1 Qxa1+ 37. Kh2 Qh8+ 38. Kg1 Qa1+ 39. Kh2 Kf8 40. Rxg6 Qh8+ 41. Kg1 Qa1+ 42. Kh2 Qh8+ 43.
Kg1 Nd6 44. Qf3+ Nf7 45. d6 exd6 46. Rxd6 Qe5 47. Rd8+ Ke7 48. Rd1 c3 49. Rc1 c2 50.
Qa3+ Qd6 51. Qe3+ Kf8 52. Qe2 Qb4 53. g3 Qb2 54. Qd2 Qc3 55. Qe2 Re7 56. Qf1 Qd2 57.
Kg2 Re2 58. Ra1 Kg7 59. Ra7 c1=Q 0-1

[Event "***Titled Tuesday 3|2 Blitz"]
[Site "Chess.com"]
[Date "2017.02.07"]
[Round "8"]
[White "Jospem"]
[Black "maciek_92"]
[Result "0-1"]
[WhiteElo "2530"]
[BlackElo "2585"]
[TimeControl "180+2"]
[EndTime "14:58:48 PST"]
[Termination "maciek_92 won by resignation"]

1. d4 Nf6 2. c4 e6 3. Nf3 b6 4. g3 Ba6 5. b3 Bb4+ 6. Bd2 Be7 7. Bg2 c6 8. O-O d5 9. Qc2 O-O 10. a4 Nbd7 11. Rd1 Ne4 12. Nc3 f5 13. Be1 Bd6 14. e3 Qe7 15. Bf1 Bb7 16. a5 Rac8 17. axb6 axb6 18.
Ra7 Ndf6 19. Be2 Bb8 20. Ra2 Ng4 21. Na4 Bc7 22. c5 bxc5 23. dxc5 Ra8 24. Nb6 Rxa2 25. Qxa2 Nxc5 26. Na4 Ne4 27. b4 Ra8 28. Qb3 Bd6 29.
Nd4 Ne5 30. Rc1 Rc8 31. f3 Nf6 32. Nc5 Bxc5 33. bxc5 Rc7 34. Ba5 Rd7 35. Qc3 Nf7 36. Rb1 Nh6 37. Rb6 Rc7 38. Rb4 e5 39. Bxc7 exd4 40.
Qb3 Bc8 41. Bd6 Qe6 42. Rxd4 Nf7 43. Bc7 h5 44. Rb4 Kh7 45. h4 g5 46. hxg5 Nxg5 47. Kg2 f4 48. exf4 Qxe2+ 49. Kh1 Qf1+ 50. Kh2 Nxf3+ 0-1

[Event "***Titled Tuesday 3|2 Blitz"]
[Site "Chess.com"]
[Date "2017.02.07"]
[Round "8"]
[White "Kacparov"]
[Black "gammagramma"]
[Result "1-0"]
[WhiteElo "2582"]
[BlackElo "2444"]
[TimeControl "180+2"]
[EndTime "14:59:02 PST"]
[Termination "Kacparov won on time"]

1. b3 d5 2. Bb2 Nc6 3. e3 a6 4. f4 Nf6 5. Nf3 g6 6. Bd3 Bg7 7. O-O Bf5 8. Bxf5 gxf5 9. Ne5 Qd6 10. Nxc6 Qxc6 11. Nc3 Ne4 12. Na4 Bxb2 13. Nxb2 Rg8 14.
Nd3 O-O-O 15. Ne5 Qe6 16. d3 Nf6 17. Qd2 Ng4 18. Nf3 Qxe3+ 19. Qxe3 Nxe3 20. Rf2 e6 21. h3 c5 22. d4 cxd4 23. Nxd4 Rg3 24. Ne2 Rg6 25.
g3 Kd7 26. c3 h5 27. Rf3 Nc2 28. Rd1 Ke7 29. a4 b5 30. Rc1 Na3 31. Ra1 b4 32. Nd4 Rc8 33. cxb4 Nc2 34. Nxc2 Rxc2 35. b5 axb5 36.
a5 h4 37. a6 Rc8 38. a7 Ra8 39. Kf2 hxg3+ 40. Rxg3 Kd6 41. b4 Kc6 42. h4 Kb7 43. h5 Rf6 44. Rg7 Rxa7 45. Rxa7+ Kxa7 46. Kg3 d4 47. Kh4 d3 48. Rg2 e5 49. fxe5 Rc6 50. Rd2 Rc4+ 51. Kg5 Rxb4 52. Rxd3 Re4 53. h6 Rxe5 54.
h7 Re8 55. Kf6 Kb6 56. Kg7 b4 57. h8=Q Rxh8 58. Kxh8 Kc5 59. Rf3 b3 60. Rxb3 Kd4 61. Kg7 Ke4 62. Kh6 f4 63. Kg5 f3 64. Kg4 f2 65. Rf3 f5+ 66. Kg3 f4+ 67. Kxf2 1-0

[Event "***Titled Tuesday 3|2 Blitz"]
[Site "Chess.com"]
[Date "2017.02.07"]
[Round "8"]
[White "Alexander_Moskalenko"]
[Black "Noukii"]
[Result "1-0"]
[WhiteElo "2708"]
[BlackElo "2629"]
[TimeControl "180+2"]
[EndTime "14:59:27 PST"]
[Termination "Alexander_Moskalenko won by resignation"]

1. e4 e5 2. Nf3 Nc6 3. Nc3 Nf6 4.
d4 exd4 5. Nxd4 Bb4 6. Nxc6 bxc6 7.
Bd3 d5 8. exd5 cxd5 9. O-O O-O 10. h3 c6 11. Qf3 Rb8 12. Bf4 Bd6 13. b3 Rb4 14. Ne2 Re8 15. c4 Be6 16. Rad1 Bxf4 17. Nxf4 Qa5 18. Nxe6 Rxe6 19. Bf5 Re8 20. cxd5 cxd5 21.
Qc3 Qb6 22. Bc2 Rb5 23. Rfe1 Rxe1+ 24. Rxe1 g6 25. Bd3 Rc5 26. Qb2 a5 27. a3 Kg7 28.
b4 axb4 29. axb4 Rc8 30. b5 d4 31. Rc1 Rxc1+ 32. Qxc1 Nd5 33. g3 Nc3 34. Qf4 Qc5 35.
Qb8 Na4 36. Qb7 Nb6 37. Kf1 Kf6 38. Qa7 Ke6 39. h4 h5 40. Kg2 Qd5+ 41. Kg1 Qc5 42. Kh2 Kf6 43. Qb7 Ke6 44. Bb1 d3 45. Qe4+ Kd6 46. Qxd3+ Nd5 47. Kg1 Kc7 48. Qb3 Kb6 49.
Be4 Nc3 50. Bf3 Qc7 51. Bc6 Qe5 52. Qxf7 Qe1+ 53. Kg2 Ne2 54. Qb7+ Ka5 55. Qa7+ Kb4 56. Qe7+ Ka5 57. Qa3+ Kb6 58. Qe3+ Kc7 59. Kf3 Ng1+ 60.
Kf4 Nh3+ 61. Ke5 Qa1+ 62. Ke6 Qa2+ 63. Bd5 Qa3 64. b6+ Kd8 65. Qxa3 1-0

[Event "***Titled Tuesday 3|2 Blitz"]
[Site "Chess.com"]
[Date "2017.02.07"]
[Round "8"]
[White "avto24"]
[Black "nihalsarin"]
[Result "0-1"]
[WhiteElo "2376"]
[BlackElo "2485"]
[TimeControl "180+2"]
[EndTime "14:59:33 PST"]
[Termination "nihalsarin won by resignation"]

1. e4 e5 2. Nf3 Nc6 3. Bc4 Bc5 4.
c3 Nf6 5. d4 exd4 6. cxd4 Bb4+ 7. Bd2 Bxd2+ 8. Nbxd2 d5 9. exd5 Nxd5 10. Qb3 Na5 11.
Qa4+ Nc6 12. Qb3 Na5 13. Qa4+ Nc6 14. Qa3 Qe7+ 15. Qxe7+ Ncxe7 16. O-O f6 17. Rfe1 c6 18. Ne4 Kd8 19. Nd6 Kc7 20. Nxc8 Raxc8 21. Rac1 Kd7 22. h3 Rhe8 23. Bd3 h6 24. Nd2 Nf4 25. Be4 Rcd8 26. Nb3 Kc7 27. Nc5 Ned5 28. Bf5 Ne2+ 29. Rxe2 Rxe2 30.
Ne6+ Rxe6 31. Bxe6 Nf4 32. Bg4 Nd3 33. Rc2 Rxd4 34.
Rd2 Rd6 35. Re2 Kd8 36. Bh5 Nf4 37. Re8+ Kc7 38. Bg4 Kb6 39. Re7 h5 40. Bc8 g5 41.
Rxb7+ Kc5 42. g3 Nd3 43. b3 Kd4 44. Rxa7 Rd5 45. Ra4+ Kc3 46. Rc4+ Kd2 47. Rxc6 Re5 48. Rxf6 Re1+ 49. Kg2 Re2 50. Ba6 Ne1+ 51. Kf1 Re5 52. Be2 Rxe2 53. a4 Nd3 54. a5 Re1+ 55. Kg2 Ra1 56. Rf5 Ne1+ 57. Kh2 g4 58. hxg4 hxg4 59. f3 gxf3 60. g4 Ke2 61. Kg3 Ra3 62. Re5+ Kf1 63. g5 Rxb3 64. g6 f2+ 65. Kh2 Nf3+ 66. Kg3 Nxe5+ 0-1

[Event "***Titled Tuesday 3|2 Blitz"]
[Site "Chess.com"]
[Date "2017.02.07"]
[Round "8"]
[White "Blitzstream"]
[Black "Feegus"]
[Result "0-1"]
[WhiteElo "2435"]
[BlackElo "2387"]
[TimeControl "180+2"]
[EndTime "14:59:54 PST"]
[Termination "Feegus won by resignation"]

1. d4 Nf6 2. g4 Nxg4 3. e4 d6 4.
Nc3 e5 5. h3 Nf6 6. Nf3 exd4 7.
Qxd4 Nc6 8. Bb5 Bd7 9. Bxc6 Bxc6 10. Bg5 h6 11. Bh4 g5 12. Bg3 Bg7 13. O-O-O O-O 14. Qc4 Nd7 15. h4 g4 16. Nd4 Nb6 17.
Qe2 Bd7 18. f3 h5 19. Rhg1 Qf6 20. Kb1 Rae8 21. Bf2 c5 22. Nb3 gxf3 23. Qd2 Bg4 24. Qxd6 Qxd6 25. Rxd6 Nc4 26. Rd5 b6 27. Nc1 Rd8 28. Nd3 Nd2+ 29. Kc1 Nxe4 30. Rxd8 Bh6+ 31. Kb1 Nxc3+ 32. bxc3 Rxd8 33. Ne5 f5 34. Nxf3 Kf7 35. Ne5+ Kf6 36. Nc6 Rd7 37. Re1 f4 38. Re8 f3 39.
Rh8 Bg7 40. Re8 Kf7 41. Re1 Bxc3 42. Rf1 Bh3 43. Rg1 Bg2 44. a4 Rc7 45. Nb8 Ke6 46. Ka2 Kd5 47. Kb3 Bd4 48. Rd1 Ke4 49. Bg3 Rb7 50.
Nc6 f2 51. Bxf2 Bxf2 52. Rd8 Kf4 53. Nb8 Bxh4 54. Rf8+ Kg3 55. Kc4 Bg5 56. Rg8 Kg4 57. Kb5 h4 58. Ka6 h3 59. a5 h2 60. Rh8 Rxb8 61.
Rxh2 bxa5 62. c4 Kg3 63. Rh7 Rb4 64. Rg7 Kg4 65. Rxa7 Rxc4 66. Kb5 Rc1 67. Rxa5 Bf1+ 68. Kc6 c4 69. Kd5 c3 70. Ra4+ Kf3 71. Kd4 Be3+ 72. Kd5 Rd1+ 73. Ke5 c2 74. Ra2 0-1

[Event "***Titled Tuesday 3|2 Blitz"]
[Site "Chess.com"]
[Date "2017.02.07"]
[Round "8"]
[White "kiborg1987"]
[Black "ftorodent"]
[Result "1/2-1/2"]
[WhiteElo "2628"]
[BlackElo "2545"]
[TimeControl "180+2"]
[EndTime "14:59:56 PST"]
[Termination "Game drawn by repetition"]

1. e4 e6 2. d4 d5 3. Nd2 Be7 4. e5 c5 5. c3 Nc6 6. Bd3 f5 7. Ne2 Nh6 8. Nf3 Nf7 9. h4 Qb6 10.
Kf1 Bd7 11. Kg1 Rc8 12. a3 cxd4 13. cxd4 Na5 14. b4 Nc4 15. Nf4 O-O 16. Rb1 Qa6 17.
Ng5 Nxg5 18. hxg5 Bxg5 19. Nxd5 exd5 20. Bxg5 Qg6 21. Bc1 h6 22. b5 Be6 23. a4 Qf7 24. g3 Qg6 25. Rh4 Rf7 26. Rb3 Rfc7 27. Rc3 Ne3 28.
Bxe3 Rxc3 29. Kg2 Qf7 30. Qe2 Ra3 31. a5 Rcc3 32. Bb1 Rab3 33. Ba2 Ra3 34. Bb1 Qd7 35. Rh5 Rab3 36. Ba2 Qxb5 37. Qf3 Rb2 38. Rxf5 Bxf5 39. Qxf5 Rxa2 40. Qe6+ Kf8 41. Qf5+ Ke7 42.
e6 Qe8 43. Bf4 Rc6 44. Qxd5 Rac2 45. Qe4 Rc8 46. d5 Kf8 47. a6 bxa6 48. Qh7 Qb5 49.
Qh8+ Ke7 50. Qxg7+ Kd8 51. Qf8+ Qe8 52. Qf6+ Qe7 53.
Qh8+ Qe8 54. Qxh6 R8c4 55. Qf6+ Kc8 56. Qe5 Rb4 57. Qf5 Kb7 58. Qxc2 Qb5 59. Qf5 a5 60. Qf7+ Ka6 61. Qd7 Qe2 62. Qc8+ Rb7 63. Qc6+ Rb6 64. Qc8+ Kb5 65. e7 Qe4+ 66. Kh2 Qh7+ 67. Kg1 Qb1+ 68. Kh2 Qh7+ 69. Kg1 Qb1+ 70. Kg2 Qe4+ 71. Kh3 Qxe7 72. Be3 Qh7+ 73. Kg2 Qe4+ 74. Kh2 Qh7+ 75. Kg2 Qe4+ 76. Kh2 Qh7+ 77. Kg2 1/2-1/2

[Event "***Titled Tuesday 3|2 Blitz"]
[Site "Chess.com"]
[Date "2017.02.07"]
[Round "8"]
[White "Kouzari"]
[Black "Ar4uha"]
[Result "1/2-1/2"]
[WhiteElo "2498"]
[BlackElo "2431"]
[TimeControl "180+2"]
[EndTime "14:59:59 PST"]
[Termination "Game drawn - insufficient material"]

1. d4 Nf6 2. c4 e6 3. Nc3 Bb4 4.
g3 d5 5. Bg2 O-O 6. a3 Be7 7.
Nf3 Nbd7 8. cxd5 exd5 9. O-O c6 10. b4 a6 11. Qb3 Nb6 12. a4 Be6 13. a5 Nc4 14.
Na4 Ne4 15. Nc5 Rb8 16. Nxe6 fxe6 17. Bf4 Bd6 18. Bxd6 Qxd6 19. Rfc1 Kh8 20. Rxc4 dxc4 21. Qxc4 Rbd8 22. e3 Qe7 23. Qc2 Nf6 24. Rb1 Nd5 25.
Qd2 Qf6 26. Ne5 Nxb4 27. Rxb4 Qxe5 28. Rxb7 Qd6 29. Rb6 Rc8 30. Qc3 e5 31. Qc5 Qf6 32.
f4 exd4 33. exd4 Rfd8 34. Rb4 Re8 35. h4 Re2 36. Qg5 Qe6 37. Rb7 Rg8 38. f5 Qe3+ 39.
Qxe3 Rxe3 40. Bxc6 Rxg3+ 41. Kf2 Ra3 42. d5 Rxa5 43.
Ke3 Rd8 44. Kd4 Kg8 45. f6 gxf6 46. h5 h6 47. Kc4 f5 48. Re7 f4 49. Kb4 Raxd5 50. Bxd5+ Rxd5 51. Re6 Rf5 52. Rxa6 f3 53. Ra1 f2 54. Rf1 Kg7 55. Kc3 Kf6 56. Kd2 Kg5 57.
Ke2 Kxh5 58. Rxf2 Ra5 59. Kf3 Ra3+ 60. Kg2 Kh4 61. Rc2 Ra4 62. Rc3 h5 63. Kh1 Kg4 64.
Rb3 Ra2 65. Rb4+ Kg3 66. Rb3+ Kh4 67. Rb4+ Kh3 68. Rb3+ Kg4 69. Rb4+ Kf3 70. Rb3+ Kf2 71. Rb4 h4 72. Rb1 Ra3 73. Kh2 Kf3 74. Rb8 Ra1 75.
Rf8+ Kg4 76. Rg8+ Kf3 77. Rf8+ Kg4 78. Rg8+ Kf3 79. Rg1 Ra4 80. Kh3 Ra2 81. Rg8 Ra1 82. Rf8+ Ke4 83. Re8+ Kf4 84. Rf8+ Ke4 85. Kxh4 Rh1+ 86.
Kg3 Rg1+ 87. Kh4 Rh1+ 88. Kg5 Rg1+ 89. Kh6 Rh1+ 90. Kg7 Rg1+ 91. Kf7 Rf1+ 92. Ke7 Rxf8 93. Kxf8 1/2-1/2

[Event "***Titled Tuesday 3|2 Blitz"]
[Site "Chess.com"]
[Date "2017.02.07"]
[Round "8"]
[White "MateusViageiro"]
[Black "Wolverine_master"]
[Result "1-0"]
[WhiteElo "2412"]
[BlackElo "1973"]
[TimeControl "180+2"]
[EndTime "15:00:10 PST"]
[Termination "MateusViageiro won by resignation"]

1. Nf3 Nf6 2. d4 d5 3. g3 e6 4. Bg2 Be7 5. O-O O-O 6. Nbd2 c5 7. c4 Nc6 8. e3 b6 9. b3 Ba6 10. Bb2 Rc8 11. Rc1 Nb4 12. dxc5 bxc5 13. a3 Nd3 14. Bxf6 Bxf6 15. Rb1 dxc4 16. Nxc4 Bxc4 17. bxc4 Ne5 18. Nxe5 Bxe5 19. Rb7 Qa5 20. Qb3 g6 21. h4 Rb8 22.
Rb5 Rxb5 23. cxb5 Rb8 24. Rb1 h5 25. a4 Qc3 26. Qxc3 Bxc3 27. Rc1 Bb4 28. Rd1 c4 29.
Rd4 Rc8 30. Bc6 Ba5 31. Rxc4 Kg7 32. Kg2 Rd8 33. Rc2 Rd1 34. Bf3 Ra1 35. Bc6 Bb6 36.
Rc4 Ra2 37. Kf3 Ba5 38. Be4 Be1 39. Bc2 Ba5 40. Ke2 Bb6 41. Kf3 Ra1 42. Be4 Ba5 43. Bc6 Rf1 44. Kg2 Ra1 45. Rf4 Ra2 46. Be8 f5 47.
Bd7 e5 48. Rf3 Bb6 49. Bxf5 gxf5 50. Rxf5 Rxa4 51. Rxe5 Kh6 52. Re6+ Kg7 53. Re5 Kh6 54. Kf3 Rb4 55. Rg5 Bd8 56. Rd5 Bb6 57. Re5 Bc7 58. Re7 Bb6 59. Re5 Rb2 60. Rd5 Kg6 61. Rg5+ Kh6 62.
Re5 Kg6 63. Kg2 Kh7 64. Rxh5+ Kg6 65. Rg5+ Kf6 66. Kf3 Rb4 67. g4 Kf7 68. Rf5+ Kg6 69. h5+ Kh6 70. Rf6+ Kg5 71. Rg6+ Kh4 72. h6 Rb3 73. h7 Bd4 74. Rh6+ Kg5 75. h8=Q Bxh8 76.
Rxh8 Rxb5 77. Rh5+ 1-0

[Event "***Titled Tuesday 3|2 Blitz"]
[Site "Chess.com"]
[Date "2017.02.07"]
[Round "8"]
[White "Rating-Schmating"]
[Black "olgerts_indricans"]
[Result "0-1"]
[WhiteElo "2269"]
[BlackElo "2316"]
[TimeControl "180+2"]
[EndTime "15:01:37 PST"]
[Termination "olgerts_indricans won by checkmate"]

1. e4 c5 2. Nf3 e6 3. d4 cxd4 4. Nxd4 Nc6 5. c4 Nf6 6. Nc3 Bb4 7. Nxc6 bxc6 8. Bd3 e5 9. O-O O-O 10. a3 Bc5 11. Qe2 h6 12. Be3 Bxe3 13. Qxe3 d6 14. Rfd1 Qe7 15. Be2 Bg4 16. f3 Be6 17. Rd2 Rfd8 18.
Rad1 a5 19. Na4 Rab8 20. Nc3 Rb3 21. Kf2 Qc7 22. Nd5 cxd5 23. Qxb3 d4 24. Qc2 Qb6 25. Bd3 Nd7 26. Rb1 f5 27. exf5 Bxf5 28. Kf1 Bxd3+ 29. Qxd3 Nc5 30. Qg6 a4 31. f4 Rf8 32. Rf2 e4 33. f5 e3 34. f6 Rf7 35. Rf4 Ne6 36. Rf5 Qb3 37. Kg1 Qd3 38. Rbf1 e2 39. Re1 Nf8 40.
Qg4 Qe3+ 41. Rf2 d3 42. Rxe2 dxe2 43. Qxe2 Qxe2 44. Rxe2 Rxf6 45. Re8 Rf4 46. Rc8 Kf7 47. g3 Rd4 48. Rc7+ Kf6 49. Kg2 Ne6 50. Ra7 Nc5 51.
Kf3 Rxc4 52. Ra8 Rc2 53. Rf8+ Kg6 54. Rb8 Nb3 55. Rb6 Rd2 56. Ke3 Rxb2 57. Rxd6+ Kh7 58. Ra6 Nc5 59. Ra5 Rb3+ 60. Kd4 Ne6+ 61. Ke5 Re3+ 62.
Kd6 Re4 63. Kd5 Re2 64. Rxa4 Nc7+ 65. Kc6 Rc2+ 66. Kd7 Nb5 67. Ra8 Rxh2 68. a4 Rd2+ 69. Kc6 Nc3 70. a5 Ne4 71. g4 Rd6+ 72. Kc7 Rg6 73. a6 Nc3 74. Kd7 Nb5 75. Rb8 Rxa6 76.
Rxb5 Ra4 77. g5 hxg5 78. Rxg5 Re4 79. Kd6 Kh6 80. Rg1 g5 81. Kd5 Re8 82. Rh1+ Kg6 83.
Kd4 g4 84. Rg1 Kf5 85. Rf1+ Kg5 86. Rf7 Kh4 87. Rh7+ Kg3 88. Kd3 Kf3 89. Rf7+ Kg2 90. Kd2 g3 91. Rf6 Kh2 92. Rh6+ Kg1 93. Rg6 g2 94. Rh6 Re4 95. Kd3 Rf4 96. Ke3 Rf2 97. Rh3 Kf1 98. Rh6 g1=Q 99. Ra6 Qg3+ 100. Kd4 Rf4+ 101.
Kd5 Qg5+ 102. Ke6 Rf6+ 103. Kd7 Qg7+ 104. Ke8 Rf8# 0-1

[Event "***Titled Tuesday 3|2 Blitz"]
[Site "Chess.com"]
[Date "2017.02.07"]
[Round "8"]
[White "ZEN-22"]
[Black "macko06"]
[Result "0-1"]
[WhiteElo "2371"]
[BlackElo "2381"]
[TimeControl "180+2"]
[EndTime "15:02:20 PST"]
[Termination "macko06 won by resignation"]

1. e4 e6 2. d4 d5 3. exd5 exd5 4. c4 Nf6 5. Nc3 Be7 6. Bg5 Be6 7. Qb3 dxc4 8. Bxc4 Bxc4 9. Qxc4 O-O 10. Nf3 Nbd7 11. O-O Nb6 12. Qd3 Nfd5 13. Bd2 Nxc3 14.
bxc3 Qd5 15. Rfe1 Bf6 16. a4 Nc4 17. Bf4 c6 18. Be5 Nxe5 19. Nxe5 Rfe8 20. c4 Qd6 21.
Nf3 Rad8 22. g3 g6 23. Rxe8+ Rxe8 24. a5 Rd8 25. Rd1 Qb4 26. Rb1 Qxa5 27. Rxb7 Bxd4 28. Nxd4 Qa1+ 29. Kg2 Qxd4 30. Qe2 a5 31. h4 h5 32. Qe7 Rf8 33. c5 Qd5+ 34. Kg1 a4 35. Rd7 Qc4 36. Qe3 Qb4 37. Ra7 Qb1+ 38. Kh2 Qa2 39. Ra6 Rc8 40. Qf4 Qd5 41. Qe3 Qc4 42. Ra7 Rb8 43.
Qe7 Qa2 44. Qf6 Re8 45. Qf4 Re2 46. Kg1 Qb1+ 47. Kg2 Qe4+ 48. Qxe4 Rxe4 49. Ra6 a3 50. Rxa3 Rc4 51. Ra5 Kg7 52. Kf3 Kf6 53. Ke3 Rc2 54. Kd4 Rd2+ 55. Ke4 Rc2 56. Kd3 Rc1 57. Kd2 Rc4 58.
Kd3 Rc1 59. Ke3 Rc3+ 60. Kd4 Rc2 61. f3 Rd2+ 62. Ke3 Rd5 63. Ke4 Re5+ 64. Kd4 Re6 65. g4 hxg4 66. fxg4 Kg7 67. Ra6 Rf6 68. g5 Re6 69.
Rb6 f5 70. Rb7+ Kf8 71. Rd7 Ke8 72. Rg7 Kf8 73. Rc7 Ke8 74. Rh7 Kf8 75. h5 gxh5 76.
Rxh5 Kg7 77. Rh2 Kg6 78. Rh6+ Kf7 79. Rh7+ Kg8 80. Rh4 Kg7 81. Rh2 Re4+ 82. Kd3 Re5 83. Kd4 Re6 84. Rf2 Kg6 85. Rg2 Re4+ 86. Kd3 Re5 87.
Kd4 Rd5+ 88. Kc4 f4 89. Rg1 Rxg5 90. Re1 Rf5 91. Kd4 f3 92. Rf1 f2 93. Ke4 Kf6 94. Kd4 Ke6 95. Ke4 Rf8 96. Kd4 Rf5 97. Ke4 Re5+ 98.
Kd4 Re2 99. Kd3 Ra2 100. Ke4 Ra4+ 101. Kd3 Ra3+ 102. Ke4 Ra4+ 103. Kd3 Ra2 104. Ke4 Rb2 105. Kd4 Kf5 106. Kc3 Ra2 107. Kb3 Re2 108. Kb4 Ke4 109. Kc4 Rc2+ 110. Kb3 Kd3 111. Rh1 Rxc5 112. Rh6 Ke4 113. Rf6 Rf5 114. Rxc6 f1=Q 115. Rc1 Qxc1 116. Ka2 Ra5+ 0-1

[Event "***Titled Tuesday 3|2 Blitz"]
[Site "Chess.com"]
[Date "2017.02.07"]
[Round "8"]
[White "oskariot"]
[Black "FelixBlohberger"]
[Result "1/2-1/2"]
[WhiteElo "2491"]
[BlackElo "2110"]
[TimeControl "180+2"]
[EndTime "15:02:45 PST"]
[Termination "Game drawn by agreement"]

1. g3 c5 2. Bg2 Nc6 3. Nf3 g6 4. c3 e5 5. O-O Bg7 6. d3 Nge7 7. a3 O-O 8. b4 cxb4 9. axb4 d5 10.
b5 Nb8 11. Ba3 Nd7 12. Nbd2 b6 13. c4 Bb7 14. cxd5 Nxd5 15. Bxf8 Nc3 16. Qe1 Qxf8 17.
Rc1 Nxb5 18. Nc4 Nd6 19. Ne3 a5 20. Rc7 Qd8 21. Rc1 b5 22. Qd2 Qb6 23. Ne1 Bxg2 24. N1xg2 Qb7 25. Qc2 Rc8 26. Qa2 Ra8 27. Qd5 Qxd5 28.
Nxd5 a4 29. Rc7 Nf6 30. Nb6 Rb8 31. Nd7 Nxd7 32. Rxd7 Ne8 33. Ra1 Bf8 34. e4 a3 35.
Ne3 Nf6 36. Ra7 b4 37. Nc4 Rd8 38. Rd1 Ng4 39. Kf1 h5 40. Ke2 Nxh2 41. Rb1 Ng4 42.
Rb3 Nf6 43. Nxe5 Rc8 44. Nxf7 Rc2+ 45. Ke1 a2 46. Kd1 Rxf2 47. Kc1 Bg7 48. e5 Ng4 49.
Rxb4 Nxe5 50. Rb8+ Kh7 51. Nxe5 a1=Q+ 52. Rxa1 Bxe5 53.
Ra7+ Kh6 54. Rg8 Bxg3 55. Ra6 Bf4+ 56. Kd1 Rg2 57. Ke1 h4 58. Kf1 Rg4 59. d4 Kh5 60.
Rh8+ Bh6 61. Ra5+ Rg5 62. Rxg5+ Kxg5 63. d5 h3 64. d6 Bg7 65. Rxh3 Kf6 66. Rh7 Bf8 67.
d7 Be7 68. Kg2 Ke6 69. Rg7 g5 70. Kf3 Kxd7 71. Kg4 Kd6 72. Kf5 Bd8 73. Rg8 Bc7 74. Kxg5 Kc6 75. Kf5 Kb7 76. Ke6 Bb8 77. Kd7 Ka8 78.
Rg2 Kb7 79. Rb2+ Ka8 80. Kc6 Ba7 81. Kc7 Bg1 82. Rb1 Bf2 83. Rf1 Be3 84. Rf3 Bg1 85. Rh3 Bf2 86. Kc6 Ba7 87. Rb3 Bg1 88. Kc7 Ba7 89.
Rb1 Bf2 90. Rb4 Bg1 91. Rg4 Bf2 92. Rg8+ Ka7 93. Rg2 Bb6+ 94. Kc6 Be3 95. Ra2+ Kb8 96. Rb2+ Ka8 97. Kc7 Ba7 98. Rb3 Bg1 99. Rf3 Bh2+ 100.
Kc6 Bb8 101. Rb3 Ba7 102. Kc7 Bg1 103. Rb2 Ba7 104. Rb1 Bf2 105. Rf1 Bg3+ 106. Kc6 Bb8 1/2-1/2

[Event "***Titled Tuesday 3|2 Blitz"]
[Site "Chess.com"]
[Date "2017.02.07"]
[Round "8"]
[White "latigre"]
[Black "AllStarShark"]
[Result "1/2-1/2"]
[WhiteElo "1754"]
[BlackElo "2230"]
[TimeControl "180+2"]
[EndTime "15:05:26 PST"]
[Termination "Game drawn by repetition"]

1. e4 e5 2. Nf3 Nc6 3. Bc4 Nf6 4.
d3 Be7 5. O-O O-O 6. c3 d6 7. a4 Na5 8. Ba2 c5 9. Nbd2 h6 10. b4 cxb4 11. cxb4 Nc6 12. Ba3 a6 13. Rb1 d5 14. Qe2 Bg4 15. h3 Nd4 16. Qd1 dxe4 17. dxe4 Bh5 18. g4 Nxg4 19. Nxd4 Qxd4 20. hxg4 Bg6 21.
Bd5 Qd3 22. Rb3 Qd4 23. Bb2 Qb6 24. Nc4 Qa7 25. Bxe5 Rad8 26. Bd4 Qb8 27. Ne5 Bh7 28. Qf3 Bf6 29. Qc3 Rc8 30. Qb2 Qd6 31. Rf3 Rce8 32. Nc4 Qd7 33. Bxf6 gxf6 34. Qxf6 Bxe4 35. Bxe4 Rxe4 36.
Ne5 Qe6 37. Qxe6 fxe6 38. Rxf8+ Kxf8 39. Nd7+ Ke7 40. Nc5 Rxg4+ 41. Kh2 Rxb4 42. Nxb7 Rxb7 43. Rc1 Rb4 44. Ra1 Kf6 45. Kg3 Kf5 46. f3 e5 47. Rh1 Rxa4 48. Rh5+ Ke6 49. Rxh6+ Kd5 50. Rh5 Rb4 51. Kf2 Rb2+ 52. Ke3 Rb3+ 53. Ke2 Rb4 54. Kd3 a5 55. Rg5 Rf4 56. Ke3 a4 57.
Rg8 Rb4 58. Ra8 Rb3+ 59. Ke2 a3 60. Ra4 Rb2+ 61. Kd3 a2 62. Ra5+ Kd6 63. Ke4 Re2+ 64. Kd3 Rh2 65. Ke4 Kc6 66. Ra3 Kd6 67. Ra5 Re2+ 68. Kd3 Rb2 69. Ke4 Rb4+ 70. Kd3 Ke6 71. Ke3 Rb2 72. Ke4 Re2+ 73. Kd3 Rh2 74. Ke4 Rh4+ 75. Ke3 Kf5 76. Rxa2 Rb4 77. Ra5 Rb3+ 78.
Kf2 Kf4 79. Ra4+ Kf5 80. Re4 Rb2+ 81. Kg3 Rb1 82. Ra4 Rg1+ 83. Kf2 Rg8 84. Ke3 Rh8 85. Rb4 Rh3 86. Rc4 Rh1 87. Ra4 Rc1 88. Rb4 Ke6 89. Ra4 Rc6 90. Rb4 Rc1 91. Ra4 Kd5 92. Ra5+ Kd6 93.
Ra4 Kd5 94. Ra5+ Ke6 95. Ra4 Re1+ 96. Kf2 Rb1 97. Ke3 Rb3+ 98. Ke4 Rb6 99. Rc4 Kf6 100. Ra4 Rd6 101. Rc4 Ra6 102. Rb4 Ra5 103. Rb6+ Kg5 104. Re6 Ra3 105. Rxe5+ Kf6 106. Rb5 Ra4+ 107. Ke3 Rc4 108. Kf2 Ra4 109. Kg3 Rc4 110. f4 Rc1 111. Rb6+ Kf5 112. Rb5+ Kf6 113. Kg4 Rg1+ 114. Kf3 Rf1+ 115. Ke4 Re1+ 116. Kf3 Rf1+ 117. Ke3 Ra1 118. Rb3 Kf5 119. Rb5+ Kf6 120. Kf3 Rf1+ 121. Kg3 Rg1+ 122. Kf2 Rh1 123. Kg2 Ra1 124. Kf3 Ra3+ 125. Kg4 Ra6 126. Rh5 Kg6 127. f5+ Kg7 128. Kg5 Ra1 129. Rh3 Rg1+ 130. Kf4 Rf1+ 131. Ke5 Re1+ 132. Kf4 Rf1+ 133. Ke5 Re1+ 134. Kf4 Rf1+ 135. Ke5 Re1+ 136. Kf4 1/2-1/2

[Event "***Titled Tuesday 3|2 Blitz"]
[Site "Chess.com"]
[Date "2017.02.07"]
[Round "9"]
[White "gammagramma"]
[Black "chessdude"]
[Result "0-1"]
[WhiteElo "2436"]
[BlackElo "2444"]
[TimeControl "180+2"]
[EndTime "15:09:45 PST"]
[Termination "chessdude won by resignation"]

1. b3 d5 2. Bb2 Bg4 3. h3 Bh5 4.
g4 Bg6 5. d3 e6 6. Bg2 c6 7. Nd2 Nd7 8. e4 h5 9. Qe2 a5 10. a3 hxg4 11. hxg4 Rxh1 12. Bxh1 Qh4 13. Bg2 Ngf6 14. Bf3 Bc5 15. e5 Nh7 16. d4 Be7 17.
O-O-O a4 18. b4 b5 19. Kb1 Nb6 20. Bc1 Kd7 21. Bg2 Qh2 22. f3 Ng5 23. Qf2 Qh7 24. Ne2 Bxc2+ 0-1

[Event "***Titled Tuesday 3|2 Blitz"]
[Site "Chess.com"]
[Date "2017.02.07"]
[Round "9"]
[White "Evgeny81"]
[Black "Vamostodorecto"]
[Result "1-0"]
[WhiteElo "2420"]
[BlackElo "2318"]
[TimeControl "180+2"]
[EndTime "15:10:16 PST"]
[Termination "Evgeny81 won by resignation"]

1. Nf3 d5 2. g3 Nc6 3. d4 Bg4 4. Bg2 Qd7 5. O-O O-O-O 6. Nbd2 f6 7. c4 dxc4 8. Nxc4 Nxd4 9. Nxd4 Qxd4 10. Qb3 b6 11. Be3 Qd7 12. Rfc1 Bxe2 13. Bxb6 Bxc4 14. Qxc4 Kb8 15. Bxc7+ 1-0